 Dungeon Crawl Stone Soup version 0.16-a0-3389-g45633df (webtiles) character file.

3092 4tharraofdagon the Grappler (level 9, -1/57 HPs)
             Began as a Gargoyle Venom Mage on Dec 30, 2014.
             Was a Priest of Cheibriados.
             Engulfed by a cloud of flame (4 damage)
             ... on level 10 of the Dungeon.
             The game lasted 00:27:54 (4658 turns).

4tharraofdagon the Grappler (Gargoyle Venom Mage)   Turns: 4658, Time: 00:27:54

Health: -1/57      AC:  8    Str: 23    XL:     9   Next: 89%
Magic:  11/18      EV: 15    Int: 24    God:    Cheibriados [***...]
Gold:   388        SH:  3    Dex: 16    Spells: 4 memorised, 4 levels left

rFire  + . .     SeeInvis .       - Unarmed
rCold  . . .     Clarity  .     m - +1 robe {rF+}
rNeg   + . .     SustAb   .     d - +0 buckler
rPois  ∞         Gourm    .     (no helmet)
rElec  +         Spirit   .     (no cloak)
rCorr  .         Warding  .     (no gloves)
rMut   .         Rnd*Tele +     (no boots)
MR     .....                    (no amulet)
Stlth  +.........               v - ring of poison resistance
                                j - +5 ring of slaying

@: very slightly contaminated, glowing, very slow, not resistant to hostile
enchantments, very unstealthy
A: repulsion field 1, clumsy 1, high mp 1, negative energy resistance 1,
electricity resistance, teleportitis 1, unbreathing, petrification resistance,
rot immunity, AC +5
a: Bend Time, Temporal Distortion, Renounce Religion


You were on level 10 of the Dungeon.
You worshipped Cheibriados.
Cheibriados was most pleased with you.
You were not hungry.

You visited 1 branch of the dungeon, and saw 8 of its levels.

You collected 388 gold pieces.

Inventory:

Armour
 a - a +0 robe
 d - a +0 buckler (worn)
 m - a +1 robe of fire resistance (worn)
 r - a +0 robe of cold resistance
Jewellery
 j - a +5 ring of slaying (left hand)
 l - an uncursed amulet of stasis
 v - a ring of poison resistance (right hand)
Magical devices
 h - a wand of random effects (29)
Scrolls
 e - a scroll of fog
 n - a scroll of immolation
 o - 2 scrolls of recharging
 F - a scroll of remove curse
Potions
 f - a potion of poison
 s - a potion of agility
 u - a potion of haste
 A - a potion of brilliance
 B - a potion of curing
Books
 b - a Young Poisoner's Handbook

   Spells                             Type                      Level
   a - Sting                          Conjuration/Poison           1
   b - Cure Poison                    Poison                       2
   c - Mephitic Cloud                 Conjuration/Poison/Air       3
   d - Olgreb's Toxic Radiance        Poison                       4
   e - Venom Bolt                     Conjuration/Poison           5
 w - a book of Control

   Spells                             Type                      Level
   a - Control Teleport               Charms/Translocation         4
   b - Control Undead                 Necromancy                   4
   c - Enslavement                    Hexes                        4
   d - Metabolic Englaciation         Hexes/Ice                    5
   e - Mass Confusion                 Hexes                        6
 x - a book of Debilitation

   Spells                             Type                      Level
   a - Corona                         Hexes                        1
   b - Slow                           Hexes                        2
   c - Inner Flame                    Hexes/Fire                   3
   d - Enslavement                    Hexes                        4
   e - Cause Fear                     Hexes                        4
   f - Leda's Liquefaction            Hexes/Earth                  4
 C - a book of Battle

   Spells                             Type                      Level
   a - Infusion                       Charms                       1
   b - Shroud of Golubria             Charms/Translocation         2
   c - Song of Slaying                Charms                       2
   d - Spectral Weapon                Hexes/Charms                 3
   e - Regeneration                   Charms/Necromancy            3
Comestibles
 c - 2 bread rations
 g - 5 fruits
 i - 2 meat rations
 k - a beef jerky
 t - a slice of pizza


   Skills:
 + Level 7.2 Fighting
 + Level 4.5 Dodging
 - Level 2.1 Stealth
 * Level 8.9 Unarmed Combat
 * Level 3.0 Spellcasting
 * Level 2.4 Charms
 - Level 4.3 Poison Magic
 + Level 3.1 Invocations


You had 4 spell levels left.
You knew the following spells:

 Your Spells              Type           Power        Failure   Level  Hunger
a - Sting                 Conj/Pois      ##..         8%          1    None
b - Mephitic Cloud        Conj/Pois/Air  ##......     24%         3    ###....
c - Regeneration          Chrm/Necr      #.........   28%         3    ###....
d - Spectral Weapon       Hex/Chrm       #.......     28%         3    ###....


Dungeon Overview and Level Annotations

Branches:
Dungeon (10/15)            Temple (0/1) D:6
   Lair: D:8-11         Orc: D:9-12

Altars:
Ashenzari
Cheibriados
Dithmenos
Elyvilon
Makhleb
Qazlal
Trog
The Shining One
Beogh

Annotations:
D:6 4tharraofdagon's ghost, average MiAK


Innate Abilities, Weirdness & Mutations

You are resistant to torment.
You are immune to poison.
Your stone body is very resilient (AC +5).
You resist negative energy.
You are resistant to electric shocks.
You can survive without breathing.
You are immune to petrification.
You are immune to rotting.
You are surrounded by a mild repulsion field (EV +2).
You are clumsy. (Dex -2)
You have an increased reservoir of magic (+10% MP).
Space occasionally distorts in your vicinity.


Message History

You feel a strange sense of stasis.
It was a scroll of blinking.
You block archlich's ghost's attack.
Remove which piece of jewellery? (? for menu, Esc to quit)
You remove your amulet of stasis.
Read which item? (? for menu, Esc to quit)
As you read the scroll labeled ITEIP BOGIQ, it crumbles to dust.
Your body is wracked with pain!
It was a scroll of torment.
Archlich's ghost barely misses you.
Read which item? (? for menu, Esc to quit)
As you read the scroll labeled HICILIDIPA, it crumbles to dust.
You speak a Word of immense power!
Archlich's ghost convulses!
It was a scroll of holy word.
You punch archlich's ghost!
Archlich's ghost explodes!
The fiery explosion engulfs you! You resist.
* * * LOW HITPOINT WARNING * * *
Cheibriados appreciates the change of pace.
Your Spellcasting skill increases to level 3!
You are engulfed in roaring flames.
You resist.
You die...

**,** ######### *,,,**
###.......### **,,,,,
#...........# *>,,,,,
#...........# *******
*.........^.# **
#####*#..........# *,
....###..........# *,
.....###........@#####**********,
.............(..§§§......,,,,,,,,
.....####.......###.....,,,,,,,,,
.....# #......## **####*,,*****,
.....# ##....## **** **, .....#*
#...## *,, ......# ##..# **,,
##...## #### **,,, ##.## **,,,,


There were no monsters in sight!

Vanquished Creatures
  Pikel (D:4)
  Grinder (D:3)
  The ghost of archlich the Vexing, an average DsEn (D:10)
  2 slaves (D:4)
  A sky beast (D:6)
  The ghost of 4tharraofdagon the Skirmisher, an average NaWn (D:3)
  An ogre (D:6)
  A centaur (D:6)
  Sigmund (D:3)
  Blork the orc (D:4)
  2 giant frogs
  A scorpion (D:4)
  3 killer bees
  5 wights (D:6)
  A giant frog zombie (D:7)
  3 jellies
  2 crimson imps
  2 hounds
  4 orc priests (D:7)
  3 orc wizards
  An iguana (D:4)
  4 worker ants
  2 centaur skeletons
  Natasha (twice) (D:3)
  Ijyb (D:5)
  Jessica (D:2)
  3 hound skeletons
  A worker ant zombie (D:5)
  7 adders
  3 gnolls (D:2)
  2 giant mites
  6 worms
  An adder skeleton (D:5)
  An ooze (D:5)
  17 orcs
  A ball python (D:2)
  12 bats
  A bat skeleton (D:6)
  9 goblins
  11 hobgoblins
  12 jackals
  15 kobolds
  2 quokkas
  4 giant cockroaches
  3 giant geckos
  A giant spore (D:6)
  A jackal skeleton (D:6)
  A quokka skeleton (D:4)
  10 rats
  3 ballistomycetes (D:6)
175 creatures vanquished.

Vanquished Creatures (others)
  A slave (D:4)
1 creature vanquished.

Grand Total: 176 creatures vanquished

Notes
Turn   | Place    | Note
--------------------------------------------------------------
     0 | D:1      | 4tharraofdagon, the Gargoyle Venom Mage, began the quest for the Orb.
     0 | D:1      | Reached XP level 1. HP: 10/10 MP: 3/3
   165 | D:1      | Reached skill level 1 in Fighting
   165 | D:1      | Reached XP level 2. HP: 9/16 MP: 0/4
   695 | D:1      | Reached XP level 3. HP: 21/21 MP: 1/6
   758 | D:2      | Noticed Jessica
   763 | D:2      | Killed Jessica
   763 | D:2      | Reached skill level 1 in Unarmed Combat
   786 | D:2      | Found a bloodstained altar of Trog.
   888 | D:2      | Reached XP level 4. HP: 27/27 MP: 3/7
  1403 | D:2      | Reached XP level 5. HP: 29/32 MP: 7/9
  1593 | D:3      | Found a burning altar of Makhleb.
  1593 | D:3      | Noticed Natasha
  1604 | D:3      | Killed Natasha
  1607 | D:3      | Found a shattered altar of Ashenzari.
  1608 | D:3      | Noticed Sigmund
  1649 | D:2      | Learned a level 3 spell: Mephitic Cloud
  1771 | D:2      | dramatic turn of events
  1792 | D:3      | Killed Sigmund
  1792 | D:3      | Reached XP level 6. HP: 25/37 MP: 1/10
  1815 | D:3      | Found a glowing golden altar of the Shining One.
  1817 | D:3      | Found a snail-covered altar of Cheibriados.
  1819 | D:3      | Found a shadowy altar of Dithmenos.
  1826 | D:3      | Became a worshipper of Cheibriados the Contemplative
  1968 | D:3      | Noticed 4tharraofdagon's ghost (average NaWn)
  2042 | D:4      | Gained mutation: You have an increased reservoir of magic (+10% MP). [potion of mutation]
  2042 | D:4      | Gained mutation: You are surrounded by a mild repulsion field (EV +2). [potion of mutation]
  2042 | D:4      | Gained mutation: You are clumsy. (Dex -2) [potion of mutation]
  2093 | D:3      | Noticed Grinder
  2097 | D:3      | Killed Grinder
  2097 | D:3      | Reached skill level 5 in Unarmed Combat
  2097 | D:3      | Reached XP level 7. HP: 44/44 MP: 10/13
  2122 | D:3      | Noticed Natasha
  2124 | D:3      | Killed Natasha
  2405 | D:3      | Killed 4tharraofdagon's ghost
  2484 | D:4      | Noticed Pikel
  2543 | D:4      | Found a white marble altar of Elyvilon.
  2741 | D:4      | HP: 2/44 [slave[Pikel] (1)]
  2743 | D:4      | Killed Pikel
  2743 | D:4      | Reached skill level 5 in Fighting
  2743 | D:4      | Reached skill level 6 in Unarmed Combat
  2743 | D:4      | Reached XP level 8. HP: 21/50 MP: 1/14
  2820 | D:4      | Lost mutation: You are clumsy. (Dex -2) [potion of mutation]
  2820 | D:4      | Gained mutation: You are clumsy. (Dex -2) [potion of mutation]
  2820 | D:4      | Gained mutation: Space occasionally distorts in your vicinity. [potion of mutation]
  2943 | D:4      | Noticed Blork the orc
  2958 | D:4      | Killed Blork the orc
  2958 | D:4      | Reached skill level 7 in Unarmed Combat
  3112 | D:5      | Entered Level 5 of the Dungeon
  3249 | D:5      | Noticed Ijyb
  3265 | D:5      | Killed Ijyb
  3386 | D:6      | Acquired Cheibriados' first power
  3399 | D:6      | Reached XP level 9. HP: 48/56 MP: 15/15
  3423 | D:6      | Noticed 4tharraofdagon's ghost (average MiAK)
  3695 | D:5      | Reached skill level 8 in Unarmed Combat
  3873 | D:6      | Reached skill level 1 in Invocations
  3947 | D:6      | Learned a level 3 spell: Regeneration
  3951 | D:6      | Learned a level 3 spell: Spectral Weapon
  4194 | D:6      | Found a staircase to the Ecumenical Temple.
  4283 | D:6      | Found a stormy altar of Qazlal.
  4286 | D:6      | Acquired Cheibriados' second power
  4361 | D:7      | Reached skill level 1 in Charms
  4524 | D:7      | Found a roughly hewn altar of Beogh.
  4599 | D:7      | You fall through a shaft for 3 floors!
  4599 | D:10     | Entered Level 10 of the Dungeon
  4620 | D:10     | Noticed a centaur skeleton
  4629 | D:10     | Killed a centaur skeleton
  4649 | D:10     | Noticed archlich's ghost (average DsEn)
  4658 | D:10     | Killed archlich's ghost
  4658 | D:10     | Engulfed by a cloud of flame

Action                   |  1- 3 |  4- 6 |  7- 9 || total
-------------------------+-------+-------+-------++-------
Melee: Unarmed           |    85 |   116 |   376 ||   577
 Cast: Sting             |    39 |    32 |    26 ||    97
       Mephitic Cloud    |       |     1 |     3 ||     4
       Regeneration      |       |       |     1 ||     1
Invok: Slouch            |       |       |     2 ||     2
Evoke: Wand              |       |       |     4 ||     4
  Use: Scroll            |       |     8 |    10 ||    18
       Potion            |       |     2 |     5 ||     7
 Stab: Sleeping          |     2 |     2 |     2 ||     6
       Confused          |       |     1 |     2 ||     3
  Eat: Chunk             |     1 |     4 |     9 ||    14
       Pizza             |       |     1 |       ||     1

Vault maps used:
D:1:      erik_arrival_triangle_large, minmay_misc_feat_cross
D:2:      nicolae_overflow_hidden_temple, uniq_jessica
D:3:      grunt_temple_overflow_open, minmay_item_behind_shaft, minmay_bisected,
          uniq_grinder, uniq_sigmund, uniq_natasha
D:4:      old_standard_altar, serial_curves, eino_curves_02, eino_curves_01,
          eino_curves_02, uniq_crazy_yiuf_cottage, uniq_pikel,
          uniq_blork_the_orc
D:5:      first_bread, abandoned_shop, uniq_iyjb
D:6:      kennysheep_little_box, minmay_temple_entry_hall, serial_glass,
          glass_columns_b, glass_columns_a
D:7:      david_defended_altar_orc, uniq_menkaure
D:10:     due_lair_maze_entry_diamond, uniq_psyche, uniq_grum
